 Dungeon Crawl Stone Soup version 0.30-a0-159-g068b764562 (webtiles) character file.

Game seed: 15199707472457157188

108 Flugkiller the Trooper (level 4, -16/41 (48) HPs)
             Began as an Ogre Reaver on Sept 27, 2022.
             Demolished by an ogre
             ... wielding a +0 giant club
              (26 damage)
             ... on level 3 of the Dungeon.
             The game lasted 00:03:44 (3226 turns).

Flugkiller the Trooper (Ogre Reaver)                Turns: 3226, Time: 00:03:45

HP:   -16/41 (48)   AC:  3    Str: 16    XL:     4   Next: 87%
MP:   7/9           EV:  9    Int: 16    God:
Gold: 47            SH:  0    Dex:  7    Spells: 6/9 levels left

rFire   . . .      SeeInvis .    c - +1 dagger (venom)
rCold   . . .      Faith    .    (no shield)
rNeg    . . .      Spirit   .    b - +0 robe
rPois   .          Reflect  .    (helmet restricted)
rElec   .          Harm     .    (no cloak)
rCorr   .          Rampage  .    (gloves unavailable)
Will    +....                    (boots unavailable)
Stlth   +.........               (no amulet)
HPRegen 0.13/turn                f - ring of flight
MPRegen 0.11/turn                m - ring of willpower

@: earthbound, flying, heavily drained
A: large, unfitting armour, tough skin 1
a: no special abilities


You were on level 3 of the Dungeon.
You visited 1 branch of the dungeon, and saw 3 of its levels.

You collected 165 gold pieces.
You spent 118 gold pieces at shops.

Inventory:

Hand Weapons
 a - a +0 mace
 c - a +1 dagger of venom (weapon)
   (You took it off a goblin on level 1 of the Dungeon)
 j - a +0 falchion of electrocution
   (You found it on level 2 of the Dungeon)
 o - a +4 dagger
   (You found it on level 2 of the Dungeon)
Missiles
 n - 4 curare-tipped darts
Armour
 b - a +0 robe (worn)
Jewellery
 f - a ring of flight (left hand)
   (You found it on level 1 of the Dungeon)
 m - a ring of willpower (right hand)
   (You found it on level 2 of the Dungeon)
 v - a ring of ice
   (You found it on level 3 of the Dungeon)
Wands
 s - a wand of charming (14)
   (You found it on level 3 of the Dungeon)
Scrolls
 d - a scroll of immolation
 e - a scroll of fear
 h - a scroll of silence
 i - a scroll of vulnerability
 k - a scroll of brand weapon
 l - a scroll of summoning
 p - a scroll of enchant armour {unknown}
 r - a scroll of identify
 t - 2 scrolls of teleportation
Potions
 g - 2 potions of brilliance {unknown}
 q - a potion of invisibility
 u - a potion of flight {unknown}
 w - 2 potions of heal wounds


   Skills:
 - Level 4.0 Fighting
 - Level 2.6 Maces & Flails
 - Level 1.7 Dodging
 + Level 3.3 Spellcasting
 * Level 4.0 Conjurations


You had 6 spell levels left.
You knew the following spells:

 Your Spells              Type           Power      Damage    Failure   Level
a - Kiss of Death         Conj/Necr      36%        2d8       8%          1
b - Volcanic Tap          Conj/Fire/Erth 12%        3d8       16%         2

Your spell library contained the following spells:

 Spells                   Type           Power      Damage    Failure   Level
 Freeze                   Ice            8%         1d3       19%         1
 Hailstorm                Conj/Ice       9%         3d4       24%         3
 Frozen Ramparts          Ice            4%         1d1       47%         3


Dungeon Overview and Level Annotations

Branches:
Dungeon (3/15) Zot: 14771

Altars:

Shops:
D:1 *   D:2 !([*   D:3 [

Annotations:
D:3 2 transporters, 1 runed translucent door, Crazy Yiuf; gabibbone's ghost, amateur OpFi


Innate Abilities, Weirdness & Mutations

You are too large for most types of armour.
You have tough skin. (AC +1)


Message History

You start resting.
HP restored.
You reach down and open the door.
There is an open door here.
A frilled lizard and an orc come into view.
Found a peridot ring.
The frilled lizard hisses angrily.
There are monsters nearby!
There are monsters nearby!
The orc shouts!
You hit the orc.
The orc is poisoned.
The orc is heavily wounded.
The orc hits you with a +0 club.
You hit the orc.
You kill the orc!
You barely miss the frilled lizard.
The frilled lizard bites you but does no damage.
You hit the frilled lizard but do no damage.
The frilled lizard is poisoned.
The frilled lizard bites you but does no damage.
You closely miss the frilled lizard.
The frilled lizard bites you but does no damage.
You closely miss the frilled lizard.
The frilled lizard is heavily wounded.
The frilled lizard bites you.
You closely miss the frilled lizard.
The frilled lizard is heavily wounded.
You kill the frilled lizard!
No target in view!
No target in view!
No target in view!
No target in view!
No target in view!
No target in view!
No target in view!
No target in view!
Things that are here:
a +0 club; an orc corpse
v - a ring of ice
Okay, then.
m - a ring of willpower (right hand)
Things that are here:
a +0 club; an orc corpse
Found 4 stones.
You see here 4 stones.
An ogre comes into view. It is wielding a +0 giant club.
The ogre shouts!
An ogre is nearby!
An ogre is nearby!
You see here 4 stones.
There is an open door here.
There is an open door, spattered with blood here.
Items here: ( ) [ ††.
An ogre is nearby!
An ogre is nearby!
You see here 7 stones.
Gabibbone's ghost turns its malevolent gaze towards you.
The kobold shouts!
The hobgoblin shouts!
Gabibbone's ghost whispers, "The ORB doesn't exist."
Press: ? - help, v - describe, . - travel, g - get item Item here: a scorched trident.
The floor.
Unknown command.
The bullfrog swells and bulges.
There is a transporter landing site here.
There is a stone staircase leading up here.
You fly upwards.
There is a stone staircase leading down here.
Okay, then.
Memorise Volcanic Tap, consuming 2 spell levels and leaving 6?
You start memorising the spell.
You continue memorising. x2
You finish memorising.
Spell assigned to 'b'.
There is an open door here.
There is a stone staircase leading down here.
You fly downwards.
Level annotation: 2 transporters, gabibbone's ghost, amateur OpFi
There is a stone staircase leading up here.
Unknown command.
You see here 2 stones.
Found a runed translucent door.
Crazy Yiuf shouts!
There is a stone staircase leading up here.
An ogre is nearby!
Casting: Kiss of Death (safe; 8% risk of failure)
Confirm with . or Enter, or press ? or * to list all spells.
Aiming: Volcanic Tap (safe; 16% risk of failure)
Press: ? - help, Dir - move target, f - ogre
Aim: an ogre, wielding a +0 giant club (85% to hit)
The spray of magma misses the ogre.
You are fixed to the earth.
You hit the ogre.
The ogre is lightly wounded.
The ogre hits you with a +0 giant club!!
Ouch! That really hurt!
* * * LOW HITPOINT WARNING * * *
You hit the ogre.
The ogre is poisoned.
The ogre is lightly wounded.
The ogre hits you with a +0 giant club!!
Ouch! That really hurt!
You die...

##.#.# ##.#.##
####.###......
##.#.# #.###.#
#......)###.##
.....# ##.#)##
#.##>##.# #.#
##'### ##..#
#.##.##.###.#
#...## #######.#
#.##........#
.....## #.......#
#.#####.#.####
......###.#####.#
#.#####.#.# ##
.......##.#
#O####.........###.
.......'..#
#.@..............+.
.......##.#
#.#########....###.
......###.#####.#
##........# .....##
#.......#
##.#.......# #...##
####.####
##.###......#
##'###### #.# #.##
##.....# #.......#
#.# ###.###......#
#.÷##.#.# #.#
#....#.......#
...#.#..# #.#
#.###........#


You could see an ogre (very poisoned).

Vanquished Creatures
  A hound (D:3)
  A worm (D:2)
  4 orcs (D:3)
  8 ball pythons
  4 bats
  2 endoplasms
  2 giant cockroaches
  5 goblins
  9 hobgoblins
  9 jackals
  2 quokkas (D:3)
  4 frilled lizards
  5 kobolds
  3 rats
59 creatures vanquished.

Notes
Turn   | Place    | Note
-------+----------+-------------------------------------------
     0 | D:1      | Flugkiller the Ogre Reaver began the quest for the Orb.
     0 | D:1      | Reached XP level 1. HP: 22/22 MP: 3/3
   375 | D:1      | Reached XP level 2. HP: 22/31 MP: 5/5
   687 | D:1      | Found a faded altar of an unknown god.
   739 | D:1      | Found Loarphud's Assorted Antiques.
   750 | D:1      | Bought a scroll labelled POWAG POIX for 28 gold pieces
   750 | D:1      | Bought a scroll labelled IMACWA HASYRGH for 28 gold pieces
   750 | D:1      | Bought a scroll labelled TUYTUAD LENT for 28 gold pieces
   949 | D:2      | Reached XP level 3. HP: 37/37 MP: 7/7
   951 | D:2      | Found Zuggaclotz's Distillery.
  1012 | D:2      | Found Etosalel's Armour Emporium.
  1297 | D:2      | Found Ehunon's Assorted Antiques.
  1432 | D:2      | Found Utziserph's Weapon Shop.
  1833 | D:3      | Found Gahainov's Armour Emporium.
  1865 | D:2      | Bought a scroll labelled HUAF MYMNINN for 17 gold pieces
  1865 | D:2      | Bought a scroll labelled ITAURYDAGE for 17 gold pieces
  2099 | D:3      | Reached XP level 4. HP: 41/45 MP: 8/8
  2721 | D:3      | Found a transporter.
  2724 | D:3      | Noticed a bullfrog
  2724 | D:3      | Noticed gabibbone's ghost (amateur OpFi)
  2811 | D:3      | Found a transporter.
  3030 | D:3      | Noticed an ogre
  3114 | D:2      | Learned a level 2 spell: Volcanic Tap
  3177 | D:3      | Found a runed translucent door.
  3178 | D:3      | Noticed Crazy Yiuf
  3226 | D:3      | Demolished by an ogre

Illustrated notes

Levels and vault maps discovered:
D:1:      saegor_arrival_simple_b, layout_rooms, serial_shops, shop,
          shapermc_ecumenical_altar_petra
D:2:      layout_basic, serial_shops, shop,
          nicolae_shop_competitors_out_of_business, shop, shop
D:3:      layout_loops_corners, serial_shops, nicolae_diamond_shop,
          gammafunk_ghost_arena, uniq_crazy_yiuf_cottage

Skill      XL: |  1  2  3  4 |
---------------+-------------+-----
Fighting       | 3 4 |  4.0
Conjurations   | 3 4 |  4.0
Spellcasting   | 3 |  3.3
Maces & Flails | |  2.6
Dodging        | |  1.7

Action                   |  1- 3 |  4- 6 || total
-------------------------+-------+-------++-------
Melee: Dagger            |   151 |    59 ||   210
       Mace              |     1 |       ||     1
 Cast: Kiss of Death     |       |     2 ||     2
       Volcanic Tap      |       |     1 ||     1
  Use: Scroll            |     6 |     2 ||     8
Armor: Robe              |    50 |    17 ||    67
Dodge: Dodged            |    87 |    16 ||   103

Table legend: (Time is in decaauts)
 A = Elapsed time spent in this place.
 B = Non-inter-level travel time spent in this place.
 C = Inter-level travel time spent in this place.
 D = Time resting spent in this place.
 E = Time spent auto-exploring this place.
 F = Levels seen in this place.
 G = Mean time per level.
                   A        B        C        D        E       F      G
               +--------+--------+--------+--------+--------+-----+--------+
         Total |   3227 |   3080 |    147 |   1275 |   1194 |   3 | 1075.7 |
       Dungeon |   3227 |   3080 |    147 |   1275 |   1194 |   3 | 1075.7 |
               +--------+--------+--------+--------+--------+-----+--------+

Top non-repeatable levels by time:
     D:3: 1342 daAuts
     D:1: 1008 daAuts
     D:2: 876 daAuts
